[Event "FICS rated blitz game"]
[Site "FICS freechess.org"]
[FICSGamesDBGameNo "20001955"]
[White "TrailerTrash"]
[Black "Sengar"]
[WhiteElo "1242"]
[BlackElo "1344"]
[WhiteRD "na"]
[BlackRD "na"]
[TimeControl "240+12"]
[Date "1999.09.20"]
[Time "20:40:00"]
[WhiteClock "0:04:00.000"]
[BlackClock "0:04:00.000"]
[ECO "C70"]
[PlyCount "105"]
[Result "1/2-1/2"]

1. e4 e5 2. Nf3 Nc6 3. Bb5 a6 4. Ba4 b5 5. Bb3 d6 6. h3 Nf6 7. d3 Be7 8. O-O O-O 9. a3 d5 10. exd5 Nxd5 11. Re1 Bf6 12. Nbd2 Re8 13. Ne4 Bf5 14. Bxd5 Qxd5 15. Nxf6+ gxf6 16. Be3 Bg6 17. Nh4 Rad8 18. Nxg6 fxg6 19. Qg4 Nd4 20. Bxd4 Qxd4 21. Qf3 Rd6 22. Qb7 Re7 23. Re4 Qd5 24. Qxd5+ Rxd5 25. Rae1 c5 26. f4 Kf7 27. fxe5 fxe5 28. Rf1+ Kg7 29. Ree1 Rf7 30. g4 Rxf1+ 31. Kxf1 Kf6 32. Kf2 Kg5 33. Kg3 a5 34. Rf1 c4 35. dxc4 bxc4 36. Rf2 Rd4 37. c3 Rd3+ 38. Rf3 Rxf3+ 39. Kxf3 a4 40. h4+ Kf6 41. Ke4 Ke6 42. g5 Kd6 43. Kf3 Kd5 44. Ke3 Ke6 45. Ke4 Kd6 46. Kf3 Kd5 47. Ke3 Ke6 48. Ke4 Kd6 49. Ke3 Ke6 50. Ke4 Kd6 51. Ke3 Kd5 52. Kf3 Ke6 53. Ke4 {Game drawn by repetition} 1/2-1/2

[Event "FICS rated blitz game"]
[Site "FICS freechess.org"]
[FICSGamesDBGameNo "20001954"]
[White "TnTDyNaMiTe"]
[Black "Gambini"]
[WhiteElo "1640"]
[BlackElo "1802"]
[WhiteRD "na"]
[BlackRD "na"]
[TimeControl "180+0"]
[Date "1999.09.20"]
[Time "20:05:00"]
[WhiteClock "0:03:00.000"]
[BlackClock "0:03:00.000"]
[ECO "C02"]
[PlyCount "38"]
[Result "0-1"]

1. e4 e6 2. d4 d5 3. e5 c5 4. c3 Nc6 5. Nf3 Bd7 6. Na3 cxd4 7. Nxd4 Bc5 8. Nac2 Nxe5 9. Be2 Nf6 10. O-O O-O 11. Bg5 Be7 12. Bf4 Ng6 13. Bg3 Bc6 14. Nxc6 bxc6 15. Nd4 Qb6 16. Qc2 a6 17. f3 c5 18. Bf2 cxd4 19. Bxd4 Bc5 {White resigns} 0-1

[Event "FICS rated blitz game"]
[Site "FICS freechess.org"]
[FICSGamesDBGameNo "20001953"]
[White "icerock"]
[Black "chequemate"]
[WhiteElo "1634"]
[BlackElo "1449"]
[WhiteRD "na"]
[BlackRD "na"]
[TimeControl "180+0"]
[Date "1999.09.20"]
[Time "19:58:00"]
[WhiteClock "0:03:00.000"]
[BlackClock "0:03:00.000"]
[ECO "C22"]
[PlyCount "70"]
[Result "0-1"]

1. e4 e5 2. d4 exd4 3. Qxd4 Nc6 4. Qe3 b6 5. Nc3 Bb7 6. Bd2 Bc5 7. Qg3 Qf6 8. f3 Nge7 9. O-O-O O-O-O 10. Bg5 Qe6 11. Bd3 Bd4 12. Kb1 Bxc3 13. bxc3 f6 14. Be3 Na5 15. Qf2 d5 16. exd5 Nxd5 17. Bd2 Rhe8 18. Ne2 b5 19. Nd4 Qb6 20. Rhe1 Rxe1 21. Rxe1 Nc4 22. Ka1 Nxd2 23. Qxd2 b4 24. cxb4 Qxd4+ 25. Kb1 Nxb4 26. Bf5+ Kb8 27. Qxd4 Rxd4 28. Re7 Nc6 29. Re8+ Nd8 30. Re7 Nc6 31. Rxg7 a6 32. Rxh7 Ka7 33. Rf7 Na5 34. h4 Nc4 35. h5 Rd1# {White checkmated} 0-1

[Event "FICS rated blitz game"]
[Site "FICS freechess.org"]
[FICSGamesDBGameNo "20001952"]
[White "jock"]
[Black "kbanov"]
[WhiteElo "1807"]
[BlackElo "1936"]
[WhiteRD "na"]
[BlackRD "na"]
[TimeControl "180+0"]
[Date "1999.09.20"]
[Time "17:31:00"]
[WhiteClock "0:03:00.000"]
[BlackClock "0:03:00.000"]
[ECO "A48"]
[PlyCount "93"]
[Result "1-0"]

1. d4 Nf6 2. Nf3 g6 3. Bg5 Bg7 4. Nbd2 O-O 5. e3 d6 6. Bc4 Nbd7 7. c3 a6 8. a4 c5 9. O-O Rb8 10. Qe2 h6 11. Bh4 Re8 12. h3 g5 13. Bg3 e5 14. dxe5 Nxe5 15. Nxe5 dxe5 16. Nf3 Ne4 17. Bh2 Be6 18. Rfd1 Qc7 19. Bxe6 Rxe6 20. Qc4 Nd6 21. Qe2 b5 22. e4 f6 23. Nd2 Ree8 24. axb5 axb5 25. Nb3 c4 26. Nd2 Bf8 27. f3 Nb7 28. Kh1 Nc5 29. Nf1 Nd3 30. Rxd3 cxd3 31. Qxd3 Red8 32. Qe3 b4 33. Ra6 Be7 34. Nd2 bxc3 35. bxc3 Bc5 36. Qe2 Rxd2 37. Qxd2 Rb1+ 38. Bg1 Bxg1 39. Qd5+ Kg7 40. g3 Be3+ 41. Kg2 Rb2+ 42. Kh1 Bf2 43. Rc6 Qa7 44. Qd1 Bxg3 45. Qg1 Rh2+ 46. Qxh2 Bxh2 47. Kxh2 {Black forfeits on time} 1-0

[Event "FICS rated blitz game"]
[Site "FICS freechess.org"]
[FICSGamesDBGameNo "20001951"]
[White "smotheredmate"]
[Black "tweeter"]
[WhiteElo "1199"]
[BlackElo "1232"]
[WhiteRD "na"]
[BlackRD "na"]
[TimeControl "120+10"]
[Date "1999.09.20"]
[Time "14:17:00"]
[WhiteClock "0:02:00.000"]
[BlackClock "0:02:00.000"]
[ECO "D00"]
[PlyCount "62"]
[Result "0-1"]

1. d4 d5 2. Bg5 c5 3. c3 Nc6 4. e3 h6 5. Bh4 g5 6. Bg3 Bg7 7. Bb5 Bd7 8. Bxc6 Bxc6 9. dxc5 Qd7 10. Ne2 O-O-O 11. O-O h5 12. h3 h4 13. Bh2 Nf6 14. b4 g4 15. hxg4 Nxg4 16. Nd2 Nxh2 17. Kxh2 Be5+ 18. Kg1 h3 19. g3 d4 20. Kh2 dxc3 21. Nc4 f6 22. Nxe5 fxe5 23. Qxd7+ Rxd7 24. Nxc3 e6 25. f3 Rf7 26. e4 a6 27. a3 Kc7 28. f4 exf4 29. Rxf4 Rd7 30. Rc1 Rd2+ 31. Rf2 Rxf2+ {White resigns} 0-1

[Event "FICS rated blitz game"]
[Site "FICS freechess.org"]
[FICSGamesDBGameNo "20001950"]
[White "tanager"]
[Black "Tapio"]
[WhiteElo "1427"]
[BlackElo "1595"]
[WhiteRD "na"]
[BlackRD "na"]
[TimeControl "180+0"]
[Date "1999.09.20"]
[Time "14:13:00"]
[WhiteClock "0:03:00.000"]
[BlackClock "0:03:00.000"]
[ECO "B01"]
[PlyCount "94"]
[Result "0-1"]

1. e4 d5 2. exd5 Qxd5 3. Nc3 Qa5 4. Nf3 Nf6 5. a3 c6 6. Bd3 Bg4 7. O-O e6 8. Be2 Nbd7 9. Nd4 Bxe2 10. Qxe2 Bc5 11. Nf3 Qc7 12. d4 Bd6 13. h3 O-O 14. Ne4 Bf4 15. Bxf4 Qxf4 16. Nxf6+ Nxf6 17. Qe5 Nd5 18. c4 Qxe5 19. Nxe5 Nb6 20. c5 Nd5 21. b4 Rfd8 22. b5 f6 23. Nf3 cxb5 24. Rab1 Nc3 25. Rb3 Ne2+ 26. Kh1 Nxd4 27. Nxd4 Rxd4 28. Rxb5 Rc4 29. Re1 e5 30. Rxb7 Rxc5 31. Rd1 Kh8 32. Rdd7 Rg8 33. Rxa7 e4 34. Kg1 h5 35. Kf1 Rc2 36. a4 Kh7 37. a5 Kg6 38. a6 Ra2 39. Rd6 Kf5 40. Rb7 e3 41. fxe3 Re8 42. Rb5+ Kg6 43. Rd7 Rxe3 44. Rd1 Rea3 45. g4 hxg4 46. hxg4 Rh3 47. Kg1 Rg3+ {White forfeits on time} 0-1

[Event "FICS rated blitz game"]
[Site "FICS freechess.org"]
[FICSGamesDBGameNo "20001948"]
[White "ATE"]
[Black "Control"]
[WhiteElo "2031"]
[BlackElo "1825"]
[WhiteRD "na"]
[BlackRD "na"]
[TimeControl "180+0"]
[Date "1999.09.20"]
[Time "13:48:00"]
[WhiteClock "0:03:00.000"]
[BlackClock "0:03:00.000"]
[ECO "A05"]
[PlyCount "67"]
[Result "1/2-1/2"]

1. Nf3 Nf6 2. g3 e6 3. Bg2 d5 4. O-O c6 5. d4 Be7 6. c3 O-O 7. Bg5 Nbd7 8. Bxf6 Bxf6 9. Nbd2 b6 10. e4 dxe4 11. Nxe4 Bb7 12. Nxf6+ Qxf6 13. Re1 Rac8 14. Ne5 Nxe5 15. Rxe5 Qe7 16. Qe2 c5 17. Bxb7 Qxb7 18. dxc5 Rxc5 19. Rxc5 bxc5 20. b3 Rd8 21. Rd1 Qc7 22. Rxd8+ Qxd8 23. Qb5 Qd1+ 24. Kg2 Qd5+ 25. f3 Qd2+ 26. Kh3 Qh6+ 27. Kg2 Qd2+ 28. Kf1 Qc1+ 29. Kf2 Qd2+ 30. Kf1 Qc1+ 31. Kg2 Qd2+ 32. Kh3 Qh6+ 33. Kg2 Qd2+ 34. Kh3 {Game drawn by repetition} 1/2-1/2

[Event "FICS rated blitz game"]
[Site "FICS freechess.org"]
[FICSGamesDBGameNo "20001946"]
[White "hasank"]
[Black "yokke"]
[WhiteElo "1798"]
[BlackElo "1669"]
[WhiteRD "na"]
[BlackRD "na"]
[TimeControl "180+0"]
[Date "1999.09.20"]
[Time "10:11:00"]
[WhiteClock "0:03:00.000"]
[BlackClock "0:03:00.000"]
[ECO "A51"]
[PlyCount "138"]
[Result "1/2-1/2"]

1. d4 Nf6 2. c4 e5 3. Nc3 exd4 4. Qxd4 Nc6 5. Qd1 Bb4 6. Bd2 O-O 7. e3 d6 8. Bd3 Be6 9. Nf3 Ne5 10. Nxe5 dxe5 11. Bc2 Bxc4 12. b3 Be6 13. O-O Qe7 14. a3 Bxc3 15. Bxc3 Rfd8 16. Qf3 Bd5 17. Qg3 Nh5 18. Qxe5 Qxe5 19. Bxe5 Rd7 20. Rad1 Rad8 21. Bf5 Be6 22. Rxd7 Rxd7 23. Bxe6 fxe6 24. g3 Nf6 25. Rc1 c6 26. Rc3 Kf7 27. Kf1 Nd5 28. Rd3 Nf6 29. Rxd7+ Nxd7 30. Bd6 e5 31. Ke2 Ke6 32. Bc7 Nc5 33. b4 Ne4 34. f3 Nc3+ 35. Kd3 Nb5 36. Bb8 Nxa3 37. Bxa7 Nb5 38. Bc5 Kd5 39. e4+ Ke6 40. f4 g6 41. h4 h5 42. fxe5 Kxe5 43. Bf8 Nc7 44. Bg7+ Ke6 45. Kc4 Ne8 46. Bd4 Kd6 47. e5+ Kc7 48. Bc5 b6 49. Be7 Ng7 50. b5 Nf5 51. bxc6 Nxe7 52. Kb5 Nxc6 53. e6 Ne7 54. Kc4 Kd6 55. Kb5 Kxe6 56. Kxb6 Nf5 57. Kc5 Nxg3 58. Kd4 Nf5+ 59. Ke4 Nxh4 60. Kf4 Kf6 61. Kg3 g5 62. Kh3 Kf5 63. Kg3 Nf3 64. Kh3 g4+ 65. Kg3 Kg5 66. Kg2 h4 67. Kh1 Kf4 68. Kg2 h3+ 69. Kh1 Ke4 {Game drawn by stalemate} 1/2-1/2

[Event "FICS rated blitz game"]
[Site "FICS freechess.org"]
[FICSGamesDBGameNo "20001944"]
[White "hubbard"]
[Black "Stevage"]
[WhiteElo "1423"]
[BlackElo "1318"]
[WhiteRD "na"]
[BlackRD "na"]
[TimeControl "180+2"]
[Date "1999.09.20"]
[Time "09:44:00"]
[WhiteClock "0:03:00.000"]
[BlackClock "0:03:00.000"]
[ECO "C26"]
[PlyCount "89"]
[Result "1-0"]

1. e4 e5 2. Bc4 Nf6 3. Nc3 Bc5 4. d3 c6 5. Nge2 Qb6 6. O-O Ng4 7. Qe1 O-O 8. Na4 Bb4 9. Nxb6 Bxe1 10. Nxa8 Ba5 11. f4 exf4 12. Nxf4 d6 13. a3 Bd7 14. b4 Bd8 15. d4 Bf6 16. c3 c5 17. Nc7 cxd4 18. Kh1 dxc3 19. Nfd5 Bd4 20. Bb5 c2 21. Ra2 Nf2+ 22. Kg1 Nxe4+ 23. Be3 Bxe3+ 24. Nxe3 Nc3 25. Rxc2 Nxb5 26. Ned5 Nxa3 27. Ra2 Nc4 28. Rxa7 b5 29. Ra8 Bc6 30. Ra7 Bxd5 31. Nxd5 Nc6 32. Rb7 Na3 33. Rb6 Rc8 34. Rc1 Nc4 35. Kf1 Nxb6 36. Nxb6 Rc7 37. Nd5 Rc8 38. Nb6 Rc7 39. Na8 Rc8 40. Nb6 Rc7 41. Re1 Kf8 42. Nd5 Ra7 43. Kf2 Ra4 44. Rc1 Nxb4 45. Rc8# {Black checkmated} 1-0

[Event "FICS rated standard game"]
[Site "FICS freechess.org"]
[FICSGamesDBGameNo "20001943"]
[White "Gautam"]
[Black "UhOh"]
[WhiteElo "1582"]
[BlackElo "1607"]
[WhiteRD "na"]
[BlackRD "na"]
[TimeControl "1800+0"]
[Date "1999.09.20"]
[Time "09:12:00"]
[WhiteClock "0:30:00.000"]
[BlackClock "0:30:00.000"]
[ECO "C42"]
[PlyCount "68"]
[Result "0-1"]

1. e4 e5 2. Nf3 Nf6 3. Nc3 Bb4 4. d3 Bxc3+ 5. bxc3 Nc6 6. g3 d6 7. Bg2 Bg4 8. h3 Bh5 9. g4 Bg6 10. Bg5 h6 11. Be3 O-O 12. O-O Qd7 13. Rb1 Rab8 14. c4 a5 15. c5 Nb4 16. a3 Na6 17. cxd6 Qxd6 18. Ra1 b5 19. a4 b4 20. Qd2 c5 21. Rab1 Rbd8 22. Rfe1 Rfe8 23. Red1 Nd7 24. c3 Nb6 25. cxb4 cxb4 26. Bxb6 Qxb6 27. Qb2 Qd6 28. Ra1 Nc5 29. Bf1 Qf6 30. Be2 Rc8 31. Rdc1 Nxd3 32. Bxd3 Qxf3 33. Rxc8 Rxc8 34. Rc1 Rxc1+ {White resigns} 0-1

[Event "FICS rated blitz game"]
[Site "FICS freechess.org"]
[FICSGamesDBGameNo "20001942"]
[White "Wright"]
[Black "HurtU"]
[WhiteElo "1188"]
[BlackElo "1362"]
[WhiteRD "na"]
[BlackRD "na"]
[TimeControl "240+2"]
[Date "1999.09.20"]
[Time "08:33:00"]
[WhiteClock "0:04:00.000"]
[BlackClock "0:04:00.000"]
[ECO "B02"]
[PlyCount "61"]
[Result "1-0"]

1. e4 d5 2. exd5 Nf6 3. Nc3 Nxd5 4. Nxd5 Qxd5 5. Nf3 e5 6. d3 Bg4 7. Be2 Bc5 8. h3 Bh5 9. O-O O-O 10. Nxe5 Bxe2 11. Qxe2 Re8 12. Bf4 Nc6 13. Rfe1 f6 14. c4 Qd4 15. Nxc6 Qxf4 16. g3 Qh6 17. Qg4 bxc6 18. Re4 Qd2 19. Rxe8+ Rxe8 20. Qf3 Qxb2 21. Rf1 Re6 22. a4 Qa2 23. Qf5 Rd6 24. g4 Qc2 25. Qc8+ Kf7 26. Qxc7+ Kg6 27. h4 Qxd3 28. h5+ Kg5 29. Qxg7+ Kh4 30. Kg2 Qh3+ 31. Kg1 {Black forfeits on time} 1-0

[Event "FICS rated blitz game"]
[Site "FICS freechess.org"]
[FICSGamesDBGameNo "20001941"]
[White "stealthbomber"]
[Black "ziobert"]
[WhiteElo "1310"]
[BlackElo "1501"]
[WhiteRD "na"]
[BlackRD "na"]
[TimeControl "300+0"]
[Date "1999.09.20"]
[Time "08:29:00"]
[WhiteClock "0:05:00.000"]
[BlackClock "0:05:00.000"]
[ECO "E91"]
[PlyCount "82"]
[Result "0-1"]

1. d4 Nf6 2. c4 g6 3. Nc3 Bg7 4. Nf3 d6 5. e4 Bg4 6. Be2 O-O 7. O-O Nbd7 8. Rb1 a6 9. b4 c6 10. a4 Qc7 11. a5 b5 12. axb6 Nxb6 13. c5 Nc8 14. Bf4 Rd8 15. Qc2 Nh5 16. Bg5 h6 17. Be3 e5 18. d5 cxd5 19. Nxd5 Ne7 20. Ne1 Nxd5 21. exd5 Bf5 22. Bxh5 Bxc2 23. Nxc2 gxh5 24. Rfe1 dxc5 25. bxc5 Rxd5 26. Nb4 Rxc5 27. Bxc5 Qxc5 28. Nd3 Qc2 29. Nb4 Qd2 30. Nc6 Re8 31. Rbd1 Qb2 32. Rb1 Qd2 33. Nb4 a5 34. Nc6 a4 35. Rbd1 Qc2 36. Rc1 Qb2 37. Rb1 Qc2 38. Rbc1 Qf5 39. Ra1 Ra8 40. Ra2 a3 41. Rae2 e4 {White forfeits on time} 0-1

[Event "FICS rated lightning game"]
[Site "FICS freechess.org"]
[FICSGamesDBGameNo "20001940"]
[White "Traff"]
[Black "Rannerboy"]
[WhiteElo "1048"]
[BlackElo "1247"]
[WhiteRD "na"]
[BlackRD "na"]
[TimeControl "60+0"]
[Date "1999.09.20"]
[Time "08:16:00"]
[WhiteClock "0:01:00.000"]
[BlackClock "0:01:00.000"]
[ECO "A00"]
[PlyCount "40"]
[Result "0-1"]

1. g4 e5 2. Bg2 Nc6 3. c4 Nf6 4. f3 g5 5. h3 Bc5 6. f4 exf4 7. Nf3 d6 8. Qb3 Nd4 9. Qd1 Nxf3+ 10. Bxf3 O-O 11. Bxb7 Bxb7 12. Rf1 Re8 13. Nc3 Ne4 14. Nd5 Bxd5 15. d3 Bf2+ 16. Rxf2 Nxf2 17. Kxf2 Bc6 18. Qa4 Qe7 19. Qa3 Qxe2+ 20. Kg1 Qe1+ {White forfeits on time} 0-1

[Event "FICS rated lightning game"]
[Site "FICS freechess.org"]
[FICSGamesDBGameNo "20001939"]
[White "yokke"]
[Black "MiranoOfBosnia"]
[WhiteElo "1677"]
[BlackElo "2033"]
[WhiteRD "na"]
[BlackRD "na"]
[TimeControl "60+0"]
[Date "1999.09.20"]
[Time "08:09:00"]
[WhiteClock "0:01:00.000"]
[BlackClock "0:01:00.000"]
[ECO "A02"]
[PlyCount "104"]
[Result "0-1"]

1. f4 e5 2. e3 exf4 3. exf4 Bd6 4. Nf3 Nf6 5. d3 O-O 6. Be2 Re8 7. O-O c6 8. Nbd2 Qc7 9. g3 Nd5 10. b3 Ne3 11. Qe1 Nxc2 12. Qf2 Nxa1 13. Bb2 Nc2 14. Ng5 h6 15. Bxg7 Kxg7 16. Nxf7 Kxf7 17. Bh5+ Kf8 18. Bxe8 Kxe8 19. Ne4 Be7 20. Qxc2 d5 21. Nc5 Bxc5+ 22. Qxc5 Qb6 23. Re1+ Kf7 24. Re7+ Kf6 25. Qxb6 axb6 26. Re8 Bd7 27. Rf8+ Kg7 28. Rd8 c5 29. g4 Bc6 30. f5 b5 31. h4 b6 32. g5 Nd7 33. Rxa8 Bxa8 34. f6+ Nxf6 35. gxf6+ Kxf6 36. Kf2 c4 37. Ke2 c3 38. Kd1 d4 39. Kc2 b4 40. h5 Ke5 41. Kc1 Kf4 42. Kc2 Kg5 43. Kc1 Kxh5 44. Kc2 Kg4 45. Kc1 h5 46. Kc2 h4 47. Kb1 h3 48. Kc1 h2 49. Kd1 Bf3+ 50. Ke1 h1=Q+ 51. Kf2 Qg2+ 52. Ke1 Qe2# {White checkmated} 0-1

[Event "FICS rated blitz game"]
[Site "FICS freechess.org"]
[FICSGamesDBGameNo "20001938"]
[White "theoric"]
[Black "Manu"]
[WhiteElo "1908"]
[BlackElo "1816"]
[WhiteRD "na"]
[BlackRD "na"]
[TimeControl "180+0"]
[Date "1999.09.20"]
[Time "04:19:00"]
[WhiteClock "0:03:00.000"]
[BlackClock "0:03:00.000"]
[ECO "A45"]
[PlyCount "71"]
[Result "1-0"]

1. d4 Nf6 2. Nc3 c5 3. e4 cxd4 4. Qxd4 Nc6 5. Qa4 d6 6. Nf3 Bd7 7. Bg5 Qa5 8. Qxa5 Nxa5 9. O-O-O h6 10. Bxf6 gxf6 11. Nd4 a6 12. Be2 Rc8 13. f4 h5 14. Rhe1 h4 15. Nf5 Bh6 16. Nd5 Bxf5 17. exf5 Nc6 18. Bf3 Kf8 19. g4 Re8 20. Re4 Kg7 21. Rg1 e6 22. Nc7 Rc8 23. g5 Rxc7 24. gxh6+ Kxh6 25. fxe6 fxe6 26. Rxe6 Rf8 27. Be4 Nd4 28. Rxd6 Ne2+ 29. Kd2 Nxg1 30. Rb6 Nh3 31. Rxb7 Rxb7 32. Bxb7 Nxf4 33. Bxa6 Rb8 34. b3 Kg5 35. a4 Kg4 36. Bc4 {Black forfeits on time} 1-0

[Event "FICS rated blitz game"]
[Site "FICS freechess.org"]
[FICSGamesDBGameNo "20001937"]
[White "DaveCarter"]
[Black "Kaito"]
[WhiteElo "1442"]
[BlackElo "1572"]
[WhiteRD "na"]
[BlackRD "na"]
[TimeControl "300+0"]
[Date "1999.09.19"]
[Time "23:00:00"]
[WhiteClock "0:05:00.000"]
[BlackClock "0:05:00.000"]
[ECO "C40"]
[PlyCount "54"]
[Result "0-1"]

1. e4 e5 2. Nf3 f5 3. Nc3 fxe4 4. Nxe5 Nf6 5. Bc4 d5 6. Bb3 c6 7. d3 Bf5 8. O-O Bd6 9. Bf4 O-O 10. dxe4 Nxe4 11. Nxe4 Bxe4 12. Qg4 Qf6 13. Qg3 Bxe5 14. Bxe5 Qg6 15. f3 Bf5 16. Qxg6 Bxg6 17. Rae1 Nd7 18. Bd6 Rfe8 19. c4 Bf7 20. cxd5 Bxd5 21. Bxd5+ cxd5 22. Kf2 Kf7 23. Rc1 Rac8 24. Rc7 Rxc7 25. Bxc7 Rc8 26. Rc1 Nf6 27. Ke3 Ne8 {White resigns} 0-1

[Event "FICS rated blitz game"]
[Site "FICS freechess.org"]
[FICSGamesDBGameNo "20001936"]
[White "DutchDisaster"]
[Black "ibbigoo"]
[WhiteElo "1063"]
[BlackElo "1508"]
[WhiteRD "na"]
[BlackRD "na"]
[TimeControl "300+0"]
[Date "1999.09.19"]
[Time "22:01:00"]
[WhiteClock "0:05:00.000"]
[BlackClock "0:05:00.000"]
[ECO "B07"]
[PlyCount "78"]
[Result "0-1"]

1. e4 d6 2. d4 Nf6 3. Nc3 g6 4. Bg5 Bg7 5. Qd2 Nbd7 6. Nf3 c5 7. d5 Ne5 8. Nxe5 dxe5 9. Bb5+ Bd7 10. Bxd7+ Qxd7 11. O-O a6 12. a3 b5 13. f4 b4 14. axb4 cxb4 15. Na4 Nxe4 16. Qd3 Nxg5 17. fxg5 O-O 18. Nb6 Qa7 19. Qe3 Rab8 20. Nc4 Qxe3+ 21. Nxe3 e4 22. Rxa6 Bxb2 23. Nc4 Bd4+ 24. Kh1 e3 25. Rd1 e2 26. Re1 Rbc8 27. Rc6 Rxc6 28. dxc6 Rc8 29. Rxe2 Rxc6 30. Ne3 Bxe3 31. Rxe3 Rxc2 32. h4 e6 33. Kh2 Rc3 34. Re2 Rc8 35. Rb2 Rb8 36. Kg3 Kf8 37. Kf4 Ke7 38. Ke5 Rb5+ 39. Kd4 Kd6 {White forfeits on time} 0-1

[Event "FICS rated blitz game"]
[Site "FICS freechess.org"]
[FICSGamesDBGameNo "20001935"]
[White "Abianchi"]
[Black "rnolet"]
[WhiteElo "1901"]
[BlackElo "1552"]
[WhiteRD "na"]
[BlackRD "na"]
[TimeControl "120+10"]
[Date "1999.09.19"]
[Time "20:59:00"]
[WhiteClock "0:02:00.000"]
[BlackClock "0:02:00.000"]
[ECO "C08"]
[PlyCount "109"]
[Result "1-0"]

1. e4 e6 2. d4 d5 3. Nd2 c5 4. exd5 exd5 5. Ngf3 cxd4 6. Nxd4 Nf6 7. Bd3 Be6 8. O-O Nc6 9. N2b3 Nxd4 10. Nxd4 Bd6 11. Re1 O-O 12. Nxe6 fxe6 13. Rxe6 Qc7 14. g3 Rad8 15. Be3 b6 16. Bd4 Bc5 17. Bxc5 Qxc5 18. Qe2 Rde8 19. Rxe8 Rxe8 20. Qd2 Ng4 21. Re1 Rf8 22. Re2 Nf6 23. c3 h6 24. Bg6 Qb5 25. Qd3 Qxd3 26. Bxd3 g5 27. h3 Rd8 28. Re7 d4 29. Bc4+ Kh8 30. cxd4 Rxd4 31. b3 Ne4 32. Kg2 Nd2 33. Rxa7 Nxc4 34. bxc4 Rxc4 35. Rb7 Rb4 36. a4 Rxa4 37. Rxb6 Kg7 38. Re6 Ra2 39. Kf3 Ra3+ 40. Re3 Ra4 41. Re4 Ra3+ 42. Kg4 Kg6 43. Re6+ Kg7 44. Kh5 Rf3 45. Rxh6 Rxf2 46. Rg6+ Kf7 47. Rxg5 Rf3 48. h4 Kf6 49. g4 Re3 50. Kh6 Kf7 51. h5 Re8 52. Rf5+ Kg8 53. g5 Kh8 54. g6 Re6 55. Rf8# {Black checkmated} 1-0

[Event "FICS rated blitz game"]
[Site "FICS freechess.org"]
[FICSGamesDBGameNo "20001934"]
[White "vadimgur"]
[Black "erGR"]
[WhiteElo "1463"]
[BlackElo "1579"]
[WhiteRD "na"]
[BlackRD "na"]
[TimeControl "180+0"]
[Date "1999.09.19"]
[Time "17:54:00"]
[WhiteClock "0:03:00.000"]
[BlackClock "0:03:00.000"]
[ECO "B01"]
[PlyCount "93"]
[Result "1-0"]

1. e4 d5 2. exd5 Qxd5 3. Nc3 Qd8 4. Nf3 Nc6 5. d4 Bg4 6. Bb5 e6 7. Bxc6+ bxc6 8. O-O c5 9. Be3 cxd4 10. Bxd4 c5 11. Be5 Nf6 12. Qxd8+ Rxd8 13. Bxf6 gxf6 14. Ne1 Rd2 15. f3 Bf5 16. Rf2 Rd7 17. g4 Bg6 18. Ng2 h6 19. Rd1 Bd6 20. Nb5 Bxh2+ 21. Kxh2 Rxd1 22. Nxa7 O-O 23. b3 Ra8 24. Nc6 Rxa2 25. Ne3 h5 26. Nxd1 Bxc2 27. Nc3 Rb2 28. gxh5 e5 29. Ne7+ Kf8 30. Ned5 c4 31. bxc4 f5 32. Ne3 Rb3 33. Rxc2 f4 34. Ned5 f5 35. Nf6 Kf7 36. Nd7 Ke7 37. Nc5 Rb8 38. h6 Rh8 39. Kg2 Rxh6 40. Kf1 Rh1+ 41. Ke2 Rh3 42. Kd3 Kd6 43. N5a4 e4+ 44. Nxe4+ fxe4+ 45. Kxe4 Ke6 46. Kxf4 Kf6 47. Nc5 {Black forfeits on time} 1-0

[Event "FICS rated standard game"]
[Site "FICS freechess.org"]
[FICSGamesDBGameNo "20001933"]
[White "PacoBlanca"]
[Black "Alecs"]
[WhiteElo "1687"]
[BlackElo "1668"]
[WhiteRD "na"]
[BlackRD "na"]
[TimeControl "1800+0"]
[Date "1999.09.19"]
[Time "16:41:00"]
[WhiteClock "0:30:00.000"]
[BlackClock "0:30:00.000"]
[ECO "C42"]
[PlyCount "48"]
[Result "0-1"]

1. e4 e5 2. Nf3 Nf6 3. Nxe5 d6 4. Nf3 Nxe4 5. Qe2 Qe7 6. d3 Nf6 7. Bg5 Nbd7 8. Nbd2 h6 9. Bh4 g5 10. Bg3 Nh5 11. Nd4 Nxg3 12. hxg3 Nf6 13. Ne4 Bg7 14. Nb5 Be6 15. O-O-O O-O 16. Qe3 Ng4 17. Qf3 c6 18. Nbxd6 f5 19. Nxf5 Bxf5 20. Re1 Bxb2+ 21. Kd2 Qb4+ 22. c3 Bxc3+ 23. Nxc3 Qb2+ 24. Kd1 Bxd3 {White resigns} 0-1

[Event "FICS rated blitz game"]
[Site "FICS freechess.org"]
[FICSGamesDBGameNo "20001932"]
[White "Foe"]
[Black "noplay"]
[WhiteElo "1281"]
[BlackElo "1099"]
[WhiteRD "na"]
[BlackRD "na"]
[TimeControl "120+12"]
[Date "1999.09.19"]
[Time "16:27:00"]
[WhiteClock "0:02:00.000"]
[BlackClock "0:02:00.000"]
[ECO "A25"]
[PlyCount "97"]
[Result "1-0"]

1. c4 Nc6 2. Nc3 e5 3. e3 Bc5 4. a3 Nf6 5. b4 Be7 6. Bb2 O-O 7. h4 d6 8. Qc2 e4 9. Nxe4 Nxe4 10. Qxe4 f5 11. Qc2 Bd7 12. Nf3 Bf6 13. Bxf6 Qxf6 14. Rc1 Ne5 15. Ng5 a5 16. c5 axb4 17. axb4 Ba4 18. Qa2+ Kh8 19. Qd5 Bc6 20. Qb3 Ba4 21. Qd5 Bc6 22. Qb3 Ba4 23. Qd5 Bc6 24. Qb3 Ba4 25. Qd5 Bc6 26. Qb3 Ba4 27. Qd5 Bc6 28. Qb3 Ba4 29. Qd5 Bc6 30. Qd4 d5 31. f4 Nf3+ 32. gxf3 Qxd4 33. exd4 Rfe8+ 34. Kf2 Ra2 35. Bd3 Rxd2+ 36. Kg3 Rxd3 37. Nf7+ Kg8 38. Ne5 Rxd4 39. Nxc6 bxc6 40. h5 Rxb4 41. h6 g6 42. Ra1 Rc4 43. Ra7 Rc8 44. Re1 Rxc5 45. Re7 d4 46. Rg7+ Kh8 47. Raxc7 Rxc7 48. Rxc7 d3 49. Rc8# {Black checkmated} 1-0

[Event "FICS rated standard game"]
[Site "FICS freechess.org"]
[FICSGamesDBGameNo "20001931"]
[White "MartinG"]
[Black "MaxPain"]
[WhiteElo "1812"]
[BlackElo "1730"]
[WhiteRD "na"]
[BlackRD "na"]
[TimeControl "300+15"]
[Date "1999.09.19"]
[Time "15:02:00"]
[WhiteClock "0:05:00.000"]
[BlackClock "0:05:00.000"]
[ECO "C18"]
[PlyCount "45"]
[Result "1-0"]

1. e4 e6 2. d4 d5 3. Nc3 Bb4 4. e5 c5 5. a3 Bxc3+ 6. bxc3 Nc6 7. h4 Qa5 8. Bd2 Qc7 9. h5 Nge7 10. h6 g6 11. Bg5 Nf5 12. g4 Nfe7 13. Bf6 Qa5 14. Qd2 Rg8 15. Nf3 cxd4 16. cxd4 Qxd2+ 17. Kxd2 Bd7 18. c3 b5 19. Bxb5 a6 20. Bd3 Rb8 21. Rab1 a5 22. Ng5 a4 23. Nxh7 {Black resigns} 1-0

[Event "FICS rated blitz game"]
[Site "FICS freechess.org"]
[FICSGamesDBGameNo "20001930"]
[White "tommi"]
[Black "gainsbourg"]
[WhiteElo "1864"]
[BlackElo "1655"]
[WhiteRD "na"]
[BlackRD "na"]
[TimeControl "180+0"]
[Date "1999.09.19"]
[Time "14:56:00"]
[WhiteClock "0:03:00.000"]
[BlackClock "0:03:00.000"]
[ECO "A04"]
[PlyCount "61"]
[Result "1-0"]

1. Nf3 f5 2. d3 Nf6 3. Nc3 e6 4. e4 Be7 5. e5 Ng8 6. h4 d6 7. d4 d5 8. Bg5 c5 9. Bb5+ Nc6 10. dxc5 Bd7 11. Bxc6 bxc6 12. Bxe7 Qxe7 13. Qd4 Nh6 14. O-O-O O-O 15. Ng5 Rab8 16. f4 Rfc8 17. Rh3 a5 18. a3 Rb7 19. Na4 Rb5 20. Nb6 Rb8 21. Nxd7 Qxd7 22. b3 Nf7 23. Nxf7 Qxf7 24. Rg3 Qe7 25. h5 h6 26. Rg6 Kf7 27. Rd3 Qxc5 28. Qxc5 Rxc5 29. Rdg3 a4 30. b4 Rc4 31. Rxg7+ {Black resigns} 1-0